 Dungeon Crawl Stone Soup version 0.19-a0-1613-g7c9bbd0 (webtiles) character file.

12245 FrankyJ the Thaumaturge (level 11, -15/61 HPs)
             Began as a High Elf Conjurer on Sept 17, 2016.
             Was an Elder of Sif Muna.
             Killed from afar by Fannar (24 damage)
             ... with a bolt of cold
             ... on level 1 of the Lair of Beasts.
             The game lasted 01:11:32 (21405 turns).

FrankyJ the Thaumaturge (High Elf Conjurer)        Turns: 21405, Time: 01:11:32

Health: -15/61     AC:  5    Str:  7    XL:     11   Next: 59%
Magic:  14/27      EV: 20    Int: 21    God:    Sif Muna [****..]
Gold:   832        SH:  0    Dex: 18    Spells: 6 memorised, 11 levels left

rFire  . . .     SeeInvis .     x - +0 long sword
rCold  . . .     Gourm    .     a - +0 robe
rNeg   . . .     Faith    .     (no shield)
rPois  .         Spirit   .     D - +0 helmet
rElec  .         Dismiss  .     u - +0 cloak
rCorr  +         Reflect  .     A - +0 pair of gloves
MR     +....     Harm     .     (no boots)
Stlth  ++........               z - amulet of rage
                                K - ring of wizardry
                                r - ring of resist corrosion

@: exhausted
A: no striking features
a: Divine Energy, Channel Magic, Forget Spell, Renounce Religion, Evoke Berserk
Rage


You were on level 1 of the Lair of Beasts.
You worshipped Sif Muna.
Sif Muna was greatly pleased with you.
You were near starving.

You visited 3 branches of the dungeon, and saw 13 of its levels.

You collected 832 gold pieces.

Inventory:

Hand Weapons
 d - a +0 short sword
 e - a +0 hand crossbow
 x - a +0 long sword (weapon)
Missiles
 p - 45 poisoned needles
 w - 4 needles of frenzy
 E - a throwing net (quivered)
 H - 2 javelins
 J - 10 tomahawks
Armour
 a - a +0 robe (worn)
 g - the +1 ring mail of the Onion {+Blink rPois MR- Dex-5}
   (You found it on level 4 of the Dungeon)

   It affects your dexterity (-5).
   It protects you from poison.
   It affects your resistance to hostile enchantments.
   It lets you blink.
 u - a +0 cloak (worn)
 A - a +0 pair of gloves (worn)
 D - a +0 helmet (worn)
 O - a steam dragon hide
Magical Staves
 I - an uncursed staff of fire
Jewellery
 f - an uncursed ring of fire
 k - an uncursed amulet of guardian spirit
 r - a ring of resist corrosion (left hand)
 z - an amulet of rage (around neck)
 K - a ring of wizardry (right hand)
 L - an uncursed ring of poison resistance
Wands
 y - a wand of iceblast (8/15)
 B - a wand of heal wounds (0/9)
Scrolls
 n - 7 scrolls of remove curse
 q - 2 scrolls of fear
 s - 2 scrolls of amnesia
 F - 5 scrolls of magic mapping
Potions
 h - 2 potions of haste
 i - 2 potions of heal wounds
 j - a potion of curing
 l - 2 potions of might
 m - 3 potions of resistance
 o - 3 potions of flight
 M - 2 potions of brilliance {unknown}
 N - a potion of agility {unknown}
 R - a potion of mutation {unknown}
 S - a potion of berserk rage {unknown}
Books
 b - a book of Conjurations

   Spells                             Type                      Level
   a - Magic Dart                     Conjuration                  1
   b - Searing Ray                    Conjuration                  2
   c - Dazzling Spray                 Conjuration/Hexes            3
   d - Fulminant Prism                Conjuration/Hexes            4
   e - Iskenderun's Mystic Blast      Conjuration                  4
   f - Iskenderun's Battlesphere      Conjuration/Charms           5
 Q - a book of Flames

   Spells                             Type                      Level
   a - Flame Tongue                   Conjuration/Fire             1
   b - Throw Flame                    Conjuration/Fire             2
   c - Conjure Flame                  Conjuration/Fire             3
   d - Inner Flame                    Hexes/Fire                   3
   e - Sticky Flame                   Conjuration/Fire             4
   f - Fireball                       Conjuration/Fire             5
Comestibles
 c - 9 bread rations
 t - 3 meat rations
 v - 10 royal jellies
 C - 5 beef jerkies
 G - 4 fruits
 P - 4 chunks of flesh


   Skills:
 - Level 10.1 Dodging
 - Level 2.1 Stealth
 - Level 11.4 Spellcasting
 - Level 10.1 Conjurations
 - Level 8.0 Hexes
 - Level 3.1 Charms
 + Level 4.1 Fire Magic


You had 11 spell levels left.
You knew the following spells:

 Your Spells              Type           Power        Failure   Level  Hunger
a - Magic Dart            Conj           ####         1%          1    None
b - Searing Ray           Conj           ######       1%          2    None
c - Fulminant Prism       Conj/Hex       ######....   1%          4    #......
d - Sticky Flame          Conj/Fire      #####...     1%          4    #......
e - Fireball              Conj/Fire      #####.....   4%          5    ####...
f - Iskenderun's Battles  Conj/Chrm      #####...     4%          5    ####...


Dungeon Overview and Level Annotations

Branches:
Dungeon (11/15)            Temple (1/1) D:4            Lair (1/6) D:9
    Orc: D:9-12

Altars:
Ashenzari
Cheibriados
Dithmenos
Elyvilon
Fedhas
Gozag
Hepliaklqana
Kikubaaqudgha
Makhleb
Nemelex Xobeh
Okawaru
Qazlal
Ru
Sif Muna
Trog
Uskayaw
Vehumet
Xom
Yredelemnul
Zin
The Shining One

Annotations:
D:6 1 runed door
D:10 1 runed door, rogsnak's ghost, journeyman DrTm
Lair:1 Fannar


Message History

Confirm with . or Enter, or press ? or * to list all spells.
Aiming: Searing Ray
Press: ? - help, Shift-Dir - straight line, f - yak
Aim: a yak (almost dead)
Okay, then.
Casting: Searing Ray
Confirm with . or Enter, or press ? or * to list all spells.
Aiming: Searing Ray
Press: ? - help, Shift-Dir - straight line, f - Fannar
Aim: Fannar, wielding a staff of cold and wearing a robe of cold resistance (severely wounded, covered in an icy film)
The searing ray hits Fannar.
Fannar is severely wounded.
Fannar casts a spell at you. The bolt of cold misses you. The yak gores you!
* * * LOW HITPOINT WARNING * * *
The searing ray hits Fannar.
Fannar is severely wounded.
Fannar casts a spell at you. The bolt of cold hits you!
You die...

###......##
#≈≈≈≈≈≈≈≈≈
####....#
#.≈≈≈≈≈≈≈≈
##.#.##
#P..≈≈≈≈≈.
###..##
######## #...##
#....##
#..#.Y##
##..###Y####
#..## #@.e.###
#..# ##.!...###
##.#.#
#.......######
#####..###
##........##.#
##.....#.#
#..........##
##.......##
##........##
#........##
#........###
#........P#
#..####....####
#........##
#### ###...#.#


You could see Fannar, a yak and an ice beast.

Vanquished Creatures
  2 skeletal warriors
  3 hill giants (D:10)
  An orange crystal statue (D:10)
  A centaur zombie (D:10)
  A troll (D:9)
  3 hippogriffs
  A wyvern (D:11)
  7 yaks
  2 hungry ghosts
  3 steam dragons
  4 water moccasins (Lair:1)
  An orc warrior (D:9)
  A porcupine (Lair:1)
  2 ice beasts
  4 sky beasts
  4 phantoms
  7 ogres
  2 wasps (D:8)
  10 centaurs
  A crocodile (Lair:1)
  A big kobold (D:7)
  8 bullfrogs
  2 scorpions
  10 killer bees
  10 wights
  3 howler monkeys
  9 crimson imps
  A bullfrog zombie (D:8)
  A jelly (D:5)
  3 bullfrog skeletons
  3 hounds
  4 orc priests
  A centaur skeleton (D:8)
  5 orc wizards
  2 gnoll shamans
  Natasha (thrice) (D:2)
  4 iguanas
  16 worker ants
  A killer bee zombie (D:5)
  A hound skeleton (D:5)
  12 adders
  5 gnolls
  2 river rats (Lair:1)
  2 shadow imps
  2 oozes
  An adder zombie (D:8)
  5 worms
  4 dart slugs
  5 leopard geckos
  36 orcs
  4 giant cockroaches
  8 goblins
  9 hobgoblins
  17 jackals
  5 kobolds
  5 quokkas
  A ball python (D:2)
  5 bats
  3 frilled lizards
  2 quokka skeletons
  2 rats (D:1)
  A butterfly (D:7)
  7 fulminant prisms
  2 fungi (D:9)
  A plant (Lair:1)
294 creatures vanquished.

Vanquished Creatures (others)
  A wizard (D:6)
  A necrophage (D:10)
  A wight (D:10)
  A jackal (D:9)
  2 fire vortices (Lair:1)
  65 fulminant prisms
  A plant (D:9)
72 creatures vanquished.

Grand Total: 366 creatures vanquished

Notes
Turn   | Place    | Note
-------+----------+-------------------------------------------
     0 | D:1      | FrankyJ the High Elf Conjurer began the quest for the Orb.
     0 | D:1      | Reached XP level 1. HP: 11/11 MP: 4/4
   307 | D:1      | Reached skill level 3 in Spellcasting
   614 | D:1      | Reached XP level 2. HP: 17/17 MP: 2/7
   618 | D:1      | Learned a level 2 spell: Searing Ray
  1726 | D:2      | Noticed Natasha
  1734 | D:2      | Killed Natasha
  1734 | D:2      | Reached skill level 4 in Spellcasting
  1734 | D:2      | Reached XP level 3. HP: 15/21 MP: 3/10
  1835 | D:2      | Found a glowing golden altar of the Shining One.
  2047 | D:2      | Reached XP level 4. HP: 27/27 MP: 7/11
  2333 | D:2      | Noticed Natasha
  2338 | D:2      | Killed Natasha
  2338 | D:2      | Reached skill level 5 in Spellcasting
  2386 | D:2      | Learned a level 4 spell: Fulminant Prism
  2409 | D:2      | Noticed Natasha
  2444 | D:2      | Killed Natasha
  2592 | D:3      | Reached skill level 5 in Conjurations
  2592 | D:3      | Reached skill level 1 in Hexes
  2592 | D:3      | Reached XP level 5. HP: 26/31 MP: 5/13
  4110 | D:4      | Got a faintly glowing ring mail
  4120 | D:4      | Identified the +1 ring mail of the Onion {+Blink rPois MR- Dex-5} (You found it on level 4 of the Dungeon)
  4664 | D:5      | Entered Level 5 of the Dungeon
  4668 | D:5      | Reached XP level 6. HP: 36/36 MP: 10/15
  5532 | D:4      | Found a staircase to the Ecumenical Temple.
  5652 | Temple   | Entered the Ecumenical Temple
  5712 | Temple   | Became a worshipper of Sif Muna the Loreminder
  5743 | D:5      | Reached skill level 6 in Spellcasting
  6075 | D:5      | Found an opulent altar of Gozag.
  6241 | D:5      | Reached XP level 7. HP: 10/41 MP: 12/17
  7278 | D:5      | HP: 2/41 [centaur/arrow (11)]
  7287 | D:5      | Reached * piety under Sif Muna
  7287 | D:5      | Reached skill level 5 in Hexes
  7316 | D:5      | Noticed a yak
  7939 | D:5      | Reached skill level 7 in Spellcasting
  7939 | D:5      | Reached XP level 8. HP: 46/46 MP: 14/19
  8844 | D:6      | Found a glowing silver altar of Zin.
  9160 | D:6      | Reached ** piety under Sif Muna
 10173 | D:6      | Found a bloodstained altar of Trog.
 10174 | D:6      | Noticed a wizard
 10179 | D:6      | Killed a wizard
 10458 | D:6      | Found a runed door.
 10651 | D:6      | Reached skill level 8 in Spellcasting
 10923 | D:6      | Reached XP level 9. HP: 44/51 MP: 17/22
 11177 | D:7      | Found a shattered altar of Ashenzari.
 11177 | D:7      | Found a shadowy altar of Dithmenos.
 11177 | D:7      | Found an opulent altar of Gozag.
 11724 | D:7      | Found a runed door.
 11737 | D:7      | Found a runed door.
 12329 | D:7      | Found a hazy altar of Hepliaklqana.
 12329 | D:7      | Found a stormy altar of Qazlal.
 12334 | D:7      | Found a bloodstained altar of Trog.
 12508 | D:7      | Reached skill level 9 in Spellcasting
 12853 | D:7      | Reached *** piety under Sif Muna
 13366 | D:7      | Reached skill level 10 in Spellcasting
 14022 | D:8      | Reached XP level 10. HP: 56/56 MP: 20/25
 15185 | D:8      | Reached **** piety under Sif Muna
 15283 | D:7      | Reached skill level 11 in Spellcasting
 15498 | D:7      | Reached skill level 5 in Dodging
 16487 | D:9      | Found a staircase to the Lair.
 17079 | D:9      | Reached skill level 10 in Conjurations
 17374 | D:10     | Entered Level 10 of the Dungeon
 17637 | D:10     | Noticed a hill giant
 17645 | D:10     | Killed a hill giant
 17969 | D:10     | Found a runed door.
 17979 | D:10     | Found a runed door.
 18116 | D:10     | Found a runed door.
 18140 | D:10     | Noticed a hill giant
 18146 | D:10     | Killed a hill giant
 18146 | D:10     | Reached XP level 11. HP: 61/61 MP: 11/27
 18244 | D:10     | Noticed rogsnak's ghost (journeyman DrTm)
 18668 | D:10     | Found a runed door.
 18672 | D:10     | Noticed an orange crystal statue
 18676 | D:10     | Noticed a hill giant
 18972 | D:10     | Noticed a green ugly thing
 18973 | D:10     | Killed an orange crystal statue
 19217 | D:10     | Noticed a hill giant
 19227 | D:10     | Killed a hill giant
 19446 | D:11     | Noticed a skeletal warrior
 19454 | D:11     | Noticed a skeletal warrior
 19461 | D:11     | Killed a skeletal warrior
 19645 | D:11     | Noticed a skeletal warrior
 19646 | D:11     | Noticed a skeletal warrior
 19911 | D:10     | Killed a skeletal warrior
 19911 | D:10     | Reached skill level 10 in Dodging
 20153 | D:10     | Learned a level 4 spell: Sticky Flame
 20159 | D:10     | Learned a level 5 spell: Fireball
 20165 | D:10     | Learned a level 5 spell: Iskenderun's Battlesphere
 20276 | Lair:1   | Entered Level 1 of the Lair of Beasts
 20289 | D:9      | Reached skill level 1 in Charms
 20383 | D:9      | Reached skill level 1 in Fire Magic
 21347 | Lair:1   | Noticed Fannar
 21405 | Lair:1   | Killed from afar by Fannar

Vault maps used:
D:1:      shiori_arrival_maze
D:2:      marbit_many_paths, uniq_natasha
D:5:      kennysheep_windowed_halls, first_bread, basic_altar,
          kennysheep_generic_room_8
D:6:      kennysheep_steamy, kennysheep_mini, trog_wizard,
          uniq_crazy_yiuf_cottage
D:7:      lemuel_insect_pit, gammafunk_temple_overflow_claw, minitemple
D:8:      hangedman_pestilent_swarm
D:9:      dpeg_oklobed_lair
D:10:     st_stairs_9, minmay_statue_crystal_thing
D:11:     serial_shops, shop, special_room
Temple:   cyrus_circular_temple
Lair:1:   pond, uniq_fannar

Skill      XL: |  1  2  3  4  5  6  7  8  9 10 11 |
---------------+----------------------------------+-----
Spellcasting   | 3 4 5 6 7 8 10 11 | 11.4
Conjurations   | 5 6 7 9 10 | 10.1
Hexes          | 1 2 3 5 7 8 |  8.0
Dodging        | 8 10 | 10.1
Charms         | 3 |  3.1
Fire Magic     | 4 |  4.1
Stealth        | |  2.1

Action                   |  1- 3 |  4- 6 |  7- 9 | 10-12 || total
-------------------------+-------+-------+-------+-------++-------
Melee: Club              |     4 |       |       |       ||     4
       Short sword       |    19 |    20 |       |       ||    39
       Dagger            |     2 |       |       |       ||     2
       Long sword        |       |    10 |    94 |   211 ||   315
 Cast: Magic Dart        |    30 |    16 |     7 |    43 ||    96
       Searing Ray       |     8 |    45 |    91 |   101 ||   245
       Fulminant Prism   |       |       |     5 |    69 ||    74
       Fireball          |       |       |       |     7 ||     7
       Iskenderun's Batt |       |       |       |     4 ||     4
Invok: Channel Magic     |       |       |       |     1 ||     1
 Abil: Evoke Berserk Rag |       |       |       |     1 ||     1
Evoke: Wand              |       |       |       |     2 ||     2
  Use: Scroll            |     3 |     5 |    13 |     8 ||    29
       Potion            |       |     1 |       |     4 ||     5
 Stab: Sleeping          |     3 |     3 |     1 |     2 ||     9
  Eat: Chunk             |     4 |    10 |    18 |    21 ||    53
       Fruit             |       |     1 |     3 |     6 ||    10
       Meat ration       |       |       |     1 |       ||     1
       Beef jerky        |       |       |       |     1 ||     1
Armor: Robe              |     3 |     7 |    32 |    37 ||    79
Dodge: Dodged            |    22 |    45 |   118 |   213 ||   398
